 Dungeon Crawl Stone Soup version 0.31-a0-261-g072fdb8a1f (webtiles) character file.

Game seed: 3382776201326110266

640 qw the Shooter (level 7, -2/44 HPs)
             Began as a Gargoyle Hexslinger on July 13, 2023.
             Was an Initiate of Okawaru.
             Slain by Edmund
             ... wielding a +2 flail of holy wrath
              (8 damage)
             ... on level 5 of the Dungeon.
             The game lasted 00:01:33 (3586 turns).

qw the Shooter (Gargoyle Hexslinger)                Turns: 3586, Time: 00:01:33

Health: -2/44      AC: 12    Str:  9 (12) XL:     7   Next: 51%
Magic:  8/8        EV: 10    Int: 10 (13) God:    Okawaru [......]
Gold:   161        SH:  0    Dex: 13 (14) Spells: 7/8 levels left

rFire   . . .        Y - +4 sling (flame)
rCold   . . .        (no shield)
rNeg    + . .        g - +0 ring mail
rPois   inf          m - +1 hat
rElec   +            (no cloak)
rCorr   .            (no gloves)
SInv    .            b - +0 pair of boots
Will    .....        (no amulet)
Stlth   +            (no ring)
HPRegen 0.27/turn    (no ring)
MPRegen 0.11/turn

%: no passive effects
@: no status effects
A: sickness immunity, AC +4, negative energy resistance 1, electricity
resistance, torment resistance 1, petrification resistance
a: Renounce Religion


You were on level 5 of the Dungeon.
You worshipped Okawaru.
Okawaru was noncommittal.
You visited 1 branch of the dungeon, and saw 5 of its levels.

You collected 161 gold pieces.


Innate Abilities, Weirdness & Mutations

You are immune to sickness and miasma.
Your stone body is resilient. (AC +4)
You are immune to poison.
You resist negative energy. (rN+)
You are resistant to electric shocks. (rElec)
You are resistant to unholy torment.
You are immune to petrification.


   Skills:
 - Level 4.4 Fighting
 + Level 6.5 Ranged Weapons
 - Level 1.4 Armour
 - Level 1.5 Dodging
 - Level 1.0 Spellcasting
 - Level 2.6 Hexes
 - Level 2.0 Invocations


You had 7 spell levels left.
You knew the following spells:

 Your Spells              Type           Power      Damage    Failure   Level
a - Slow                  Hex            20%        N/A       32%         1

Your spell library contained the following spells:

 Spells                   Type           Power      Damage    Failure   Level
 Inner Flame              Hex/Fire       3%         N/A       86%         3
 Portal Projectile        Hex/Tloc       6%         N/A       86%         3
 Cause Fear               Hex            2%         N/A       97%         4

Inventory:

Hand Weapons
 Y - a +4 sling of flaming (weapon)
Armour
 b - a +0 pair of boots (worn)
 g - a +0 ring mail (worn)
 m - a +1 hat (worn)
Jewellery
 c - an amulet of faith
Wands
 k - a wand of digging (6)
Potions
 a - a potion of cancellation {unknown}
 f - a potion of enlightenment
 h - a potion of brilliance {unknown}
 l - a potion of resistance {unknown}

Dungeon Overview and Level Annotations

Branches:
Dungeon (5/15)
 Temple: D:4-7

Altars:
Ashenzari
Nemelex Xobeh
Okawaru
Uskayaw
Vehumet
Zin
The Shining One

Shops:
D:1 *

Annotations:
D:4 1 runed translucent door, Crazy Yiuf
D:5 Edmund


Message History

The sling bullet burns Edmund.
Edmund is moderately wounded.
The adder closely misses you.
You shoot a sling bullet.
The sling bullet hits Edmund but does no damage.
Edmund is moderately wounded.
Edmund hits you but does no damage. The adder bites you but does no damage.
The black bear barely misses you.
The black bear claws you but does no damage. x2
You shoot a sling bullet. The sling bullet hits Edmund.
The sling bullet burns Edmund.
Edmund is heavily wounded.
The adder bites you but does no damage. The black bear barely misses you.
The black bear misses you.
The black bear claws you but does no damage.
Edmund hits you with a +2 flail of holy wrath!
The adder bites you but does no damage.
You shoot a sling bullet. The sling bullet barely misses Edmund.
Edmund hits you but does no damage. The black bear bites you.
The black bear claws you but does no damage.
The black bear misses you. The adder bites you but does no damage.
You shoot a sling bullet. The sling bullet hits Edmund!
The sling bullet burns Edmund.
Edmund is severely wounded.
You feel like a meek peon again.
Edmund drinks a potion.
Edmund is healed!
The black bear misses you. The black bear claws you.
The black bear claws you but does no damage.
The adder bites you but does no damage.
You shoot a sling bullet. The sling bullet closely misses Edmund.
The adder bites you but does no damage. The black bear bites you.
The black bear claws you. The black bear barely misses you.
Edmund hits you but does no damage. The adder barely misses you.
You shoot a sling bullet. The sling bullet hits Edmund.
The sling bullet burns Edmund.
Edmund is moderately wounded.
The black bear barely misses you. The black bear closely misses you.
The black bear claws you but does no damage.
Edmund hits you with a +2 flail of holy wrath!
You die...

#............##.#######
#.....................#
.....#.#......#...)....#
.............>.#........#
##
....####........#........#
.. ...[
##......#........#.# #
#.....#####...#
#######.###.# #.###
......S@# #.# #.#
###...h@# #.# #.# #.....#
#.# #.. #.....# ..# ###
.......# ### ........#
....$.... .....##.#


You could see Edmund, a black bear and an adder.

Vanquished Creatures
  Grinder (D:4)
  A phantom (D:5)
  2 orc priests (D:4)
  Ijyb (D:4)
  Natasha (D:2)
  2 orc wizards (D:4)
  7 adders
  3 gnolls (D:3)
  A shadow imp (D:5)
  An ufetubus (D:4)
  A worm (D:3)
  2 dart slugs
  15 orcs
  8 endoplasms
  5 giant cockroaches
  5 goblins
  7 hobgoblins
  A jackal (D:1)
  8 kobolds
  2 quokkas
  6 bats
  3 frilled lizards (D:1)
  7 rats
90 creatures vanquished.

Notes
Turn   | Place    | Note
-------+----------+-------------------------------------------
     0 | D:1      | qw the Gargoyle Hexslinger began the quest for the Orb.
     0 | D:1      | Reached XP level 1. HP: 12/12 MP: 2/2
     0 | D:1      | 0 ||| qw: Version: 0.3-a-52-g30416fa
     0 | D:1      | 0 ||| qw: Game counter: 7008
     0 | D:1      | 0 ||| qw: Melee chars always use a shield: true
     0 | D:1      | 0 ||| qw: God list: Okawaru
     0 | D:1      | 0 ||| qw: Allow faded altars: false
     0 | D:1      | 0 ||| qw: Do Orc after clearing Dungeon:15 true
     0 | D:1      | 0 ||| qw: Do second Lair branch before Depths: true
     0 | D:1      | 0 ||| qw: Lair rune preference: random
     0 | D:1      | 0 ||| qw: Goals: Normal
     0 | D:1      | 0 ||| PLANNING D:1-11
   121 | D:1      | Found Gemear's General Store.
   132 | D:1      | 132 ||| SHOPLISTING +0 cloak (58 gold, have 6).
   132 | D:1      | 132 ||| SHOPLISTING potion of cancellation (104 gold, have
                  | 6).
   132 | D:1      | 132 ||| SHOPLISTING scroll of teleportation (39 gold, have
                  | 6).
   140 | D:1      | Reached XP level 2. HP: 16/16 MP: 3/3
   179 | D:1      | Found a faded altar of an unknown god.
   267 | D:1      | 267 ||| SWAPPING to +2 sling of flaming.
   268 | D:1      | 268 ||| DROPPING +1 sling.
   452 | D:1      | Reached skill level 3 in Ranged Weapons
   772 | D:1      | 772 ||| READING scroll labelled CYCOVANKU.
   773 | D:1      | 773 ||| READING scroll labelled KEPUAH OHOGA.
   786 | D:1      | 786 ||| READING 3 scrolls labelled MOLOIBILICS.
   787 | D:1      | 787 ||| DROPPING scroll of poison.
   788 | D:1      | 788 ||| DROPPING 2 scrolls of immolation.
   840 | D:2      | Reached XP level 3. HP: 19/21 MP: 4/4
  1098 | D:2      | Noticed Natasha
  1105 | D:2      | Killed Natasha
  1106 | D:2      | Reached XP level 4. HP: 20/26 MP: 5/5
  1113 | D:2      | Reached skill level 4 in Ranged Weapons
  1151 | D:2      | Identified the +7 flail of Proximity {antimagic, Str+3
                  | Int+3}
  1321 | D:2      | Found an iron altar of Okawaru.
  1322 | D:2      | 1322 ||| PLANNING OKAWARU WORSHIP
  1322 | D:2      | 1322 ||| UPGRADING to +0 pair of boots.
  1327 | D:2      | 1327 ||| DRINKING 2 blue potions.
  1335 | D:2      | Became a worshipper of Warmaster Okawaru
  1336 | D:2      | 1336 ||| PLANNING D:1-11
  1463 | D:3      | 1463 ||| Stepping ~*~*~tactically~*~*~ (outnumbered).
  1521 | D:3      | Found a broken altar of Ashenzari.
  1576 | D:3      | Reached XP level 5. HP: 19/30 MP: 6/6
  1624 | D:3      | Found a sparkling altar of Nemelex Xobeh.
  1697 | D:3      | Reached skill level 5 in Ranged Weapons
  1862 | D:3      | Reached skill level 3 in Fighting
  2081 | D:3      | Found a hide-covered altar of Uskayaw.
  2087 | D:3      | Found a glowing silver altar of Zin.
  2092 | D:3      | Found a glowing golden altar of the Shining One.
  2240 | D:3      | 2240 ||| UPGRADING to +0 ring mail.
  2250 | D:3      | 2250 ||| DROPPING +0 robe.
  2251 | D:3      | 2251 ||| READING scroll labelled HIQOUN UNWUI.
  2252 | D:3      | 2252 ||| DRINKING 2 bubbling emerald potions.
  2257 | D:3      | 2257 ||| DROPPING potion of ambrosia.
  2291 | D:4      | Reached skill level 1 in Armour
  2322 | D:4      | Noticed Grinder
  2333 | D:4      | Paralysed by Grinder for 4 turns
  2338 | D:4      | Killed Grinder
  2338 | D:4      | Reached * piety under Okawaru
  2339 | D:4      | Reached skill level 6 in Ranged Weapons
  2339 | D:4      | Reached XP level 6. HP: 28/37 MP: 7/7
  2388 | D:4      | 2388 ||| INVOKING Heroism.
  2399 | D:4      | 2399 ||| INVOKING Heroism.
  2403 | D:4      | Reached XP level 7. HP: 26/41 MP: 4/8
  2410 | D:4      | 2410 ||| INVOKING Heroism.
  2417 | D:4      | Reached skill level 1 in Invocations
  2628 | D:4      | Found a radiant altar of Vehumet.
  2659 | D:4      | Noticed Ijyb
  2660 | D:4      | 2660 ||| INVOKING Heroism.
  2672 | D:4      | Killed Ijyb
  2997 | D:4      | Found a runed translucent door.
  2998 | D:4      | Noticed Crazy Yiuf
  3208 | D:4      | 3208 ||| UPGRADING to +1 hat.
  3213 | D:4      | 3213 ||| READING scroll labelled DOTWUTZ BYKHLI.
  3214 | D:4      | 3214 ||| READING 2 scrolls labelled TUSAUQ FUARCH.
  3215 | D:4      | 3215 ||| READING scroll of enchant weapon.
  3215 | D:4      | 3215 ||| ENCHANTING +3 sling of flaming.
  3216 | D:4      | 3216 ||| READING scroll labelled MARUKL MIUNK.
  3303 | D:4      | 3303 ||| DRINKING 2 fuming cyan potions.
  3304 | D:4      | 3304 ||| DRINKING 2 brown potions.
  3411 | D:4      | 3411 ||| DROPPING potion of degeneration.
  3412 | D:4      | 3412 ||| DROPPING potion of berserk rage.
  3463 | D:5      | Entered Level 5 of the Dungeon
  3500 | D:5      | 3500 ||| INVOKING Heroism.
  3564 | D:5      | Noticed Edmund
  3565 | D:5      | 3565 ||| INVOKING Heroism.
  3583 | D:5      | HP: 11/44 [black bear (1)]
  3585 | D:5      | HP: 5/44 [black bear (1)]
  3586 | D:5      | Slain by Edmund

Levels and vault maps discovered:
D:1:      wander_arrival_estate, layout_basic, serial_shops, shop,
          hellmonk_ecumenical_altar_heavens_door, chequers_garden, st_stairs_10
D:2:      layout_basic, basic_altar, uniq_natasha
D:3:      layout_rooms, nemelex_diamond_rough_becter,
          mainiacjoe_overflow_boulevard, minitemple, minmay_misc_feat_diagonals,
          chequers_big_river
D:4:      layout_basic, nicolae_overflow_crystal_walls, uniq_crazy_yiuf_cottage,
          uniq_ijyb, uniq_grinder
D:5:      layout_basic, uniq_duvessa, uniq_edmund

Skill      XL: |  1  2  3  4  5  6  7 |
---------------+----------------------+-----
Ranged Weapons | 3 4 6 |  6.5
Fighting       | 2 3 4 |  4.4
Armour         | 1 |  1.4
Invocations    | 2 |  2.0
Dodging        | |  1.5
Spellcasting   | |  1.0
Hexes          | |  2.6

Action                     |  1- 3 |  4- 6 |  7- 9 || total
---------------------------+-------+-------+-------++-------
   Fire: Sling             |    87 |   171 |    95 ||   353
 Invoke: Heroism           |       |     2 |     4 ||     6
    Use: Scroll            |     3 |     1 |     4 ||     8
         Potion            |       |     2 |     2 ||     4
 Armour: Robe              |     7 |    39 |       ||    46
         Ring mail         |       |    13 |    47 ||    60
  Dodge: Dodged            |    19 |    64 |    46 ||   129

Table legend:
 A = Non-vault XP
 B = Vault XP
 C = Vault XP percentage of total XP
 D = Non-vault monster count
 E = Vault monster count
 F = Vault count percentage of total count
                 A         B        C        D         E       F
            +---------+---------+-------+---------+---------+-------
      Total |     549 |     366 |  40.0 |      84 |       6 |   6.7
            +---------+---------+-------+---------+---------+-------
        D:1 |      26 |       5 |  16.1 |      16 |       3 |  15.8
        D:2 |      53 |      35 |  39.8 |      17 |       1 |   5.6
        D:3 |     142 |       0 |   0.0 |      28 |       0 |   0.0
        D:4 |     212 |     326 |  60.6 |      21 |       2 |   8.7
        D:5 |     116 |       0 |   0.0 |       2 |       0 |   0.0
            +---------+---------+-------+---------+---------+-------
